Cogmind - Beta 13 @@@ ROGUE MODE // 2024.03.25 @ 19:41:03 Player: Waste Result: Destroyed by ME-MSA(R) with Subdweller Beam Cannon Performance ------------- Evolutions (0) 0 Regions Visited (2) 400 Robots Destroyed (37) 185 Value Destroyed (962) 962 Prototype IDs (2) 40 Alien Tech Used (0) 0 Bonus (0) 0 TOTAL SCORE: 1587 Bonus ------- None Cogmind --------- Core Integrity 0/250 Matter 300/300 Energy 200/200 System Corruption 0% Temperature Cool (9) Movement Rolling (110) Location -10/Subcaves Parts ------- > --- POWER (1) -------- Subdweller Power Source > --- PROPULSION (2) --- Subdweller Monowheel Subdweller Monowheel > --- UTILITY (2) ------ (None) > --- WEAPON (2) ------- Subdweller Laser Subdweller Laser > --- INVENTORY (5) ---- Light Treads High-capacity Storage Unit Subdweller Beam Cannon Grenade Launcher Mining Claw Peak State ------------ > --- POWER ------------ Light Nuclear Core > --- PROPULSION ------- Aluminum Leg Aluminum Leg > --- UTILITY ---------- High-capacity Storage Unit Makeshift Thermal Plating > --- WEAPON ----------- Assault Rifle Assault Rifle > --- INVENTORY -------- Ion Engine Ion Engine Light Ion Engine Light Treads Light Treads Aluminum Leg Aluminum Leg Aluminum Leg Wheel Wheel Wheel Compact Wheel Compact Wheel High-capacity Matter Pod Assault Rifle Assault Rifle Assault Rifle Grenade Launcher Mining Claw [Rating: 13] Favorites ----------- Power Light Nuclear Core Engine Light Ion Engine Power Core Light Nuclear Core Propulsion Aluminum Leg Leg Aluminum Leg Wheel Subdweller Monowheel Utility High-capacity Storage Unit Storage High-capacity Storage Unit Protection Scrap Shield Weapon Light Assault Rifle Energy Gun Subdweller Laser Energy Cannon Subdweller Beam Cannon Ballistic Gun Light Assault Rifle Launcher Grenade Launcher Slashing Weapon Mining Claw Build | -11 -10 -10 ------- Run | Yrd Mat Sub Slots Evolved . | . . . Power . | . . . Propulsion . | . . . Utility . | . . . Weapon . | . . . Parts Attached 41 | . 14 27 Power 3 | . 1 2 Engine 2 | . . 2 Core 1 | . 1 . Reactor . | . . . Propulsion 9 | . 5 4 Treads . | . . . Leg 7 | . 5 2 Wheel 2 | . . 2 Hover . | . . . Flight . | . . . Utility 7 | . 2 5 Device . | . . . Storage 3 | . 2 1 Processor . | . . . Hackware . | . . . Protection 4 | . . 4 Artifact . | . . . Weapon 22 | . 6 16 Energy Gun 3 | . . 3 Energy Cannon 3 | . . 3 Ballistic Gun 10 | . 6 4 Ballistic Cannon . | . . . Launcher 3 | . . 3 Special Weapon . | . . . Impact Weapon . | . . . Slashing Weapon 3 | . . 3 Piercing Weapon . | . . . Special Melee Weapon . | . . . Unidentified Prototypes . | . . . Parts Lost 8 | . 1 7 Power 2 | . . 2 Propulsion 3 | . . 3 Utility 1 | . . 1 Weapon 2 | . 1 1 Highest Loss Streak 3 | . 1 3 To Critical Strikes . | . . . Average Slot Usage (%) 83 | . 84 81 Engine 5 | . 6 4 Core 8 | . 7 9 Leg 26 | . 28 24 Wheel 1 | . . 2 Storage 9 | . 14 5 Protection 3 | . . 6 Energy Gun 1 | . . 3 Energy Cannon 1 | . . 2 Ballistic Gun 21 | . 27 16 Slashing Weapon 2 | . . 4 Naked Turns . | . . . Heaviest Build 53 | 11 49 53 Greatest Support 40 | 20 20 40 Greatest Overweight (x) 2 | . 2 2 Average Overweight (x) 1 | . 1 . Largest Inventory Capacity 20 | . 20 20 Average Capacity 13 | . 18 7 Most Carried 20 | . 20 19 Average Carried 11 | . 16 7 Final Capacity 20 | 8 20 5 Final Carried 19 | 6 19 5 Class Distribution -------------------- 50% | Mutant 40% | Scavenger-Mutant 8% | Subdweller-Mutant Dominant Class ---------------- Mutant | -10/Materials Scavenger-Mutant | -10/Subcaves Resources | -11 -10 -10 ----------- Run | Yrd Mat Sub Matter Collected 1079 | 184 444 451 Remotely . | . . . Salvage Created 1033 | . 567 466 Parts 82 | . 43 39 Haulers Intercepted 2 | . 2 . Recyclers Shooed . | . . . Parts Field Recycled . | . . . Retrieved Matter . | . . . Parts Self-Destructed 6 | . . 6 Prevented . | . . . Kills | -11 -10 -10 ------- Run | Yrd Mat Sub Combat Hostiles Destroyed 33 | . 13 20 Guns 21 | . 13 8 Cannons 1 | . . 1 AOE 11 | . . 11 Classes Destroyed 5 | . 4 1 Hauler 2 | . 2 . Watcher 2 | . 2 . Swarmer 12 | . 5 7 Grunt 10 | . 8 2 Subdweller 11 | . . 11 Best Kill Streak 4 | . 3 4 Combat Bots Only 4 | . 3 4 Max Kills in Single Turn 3 | . 1 3 Gunslinging . | . . . Exploded 3 | . . 3 Melee . | . . . Uniques/NPCs Destroyed . | . . . Combat | -11 -10 -10 -------- Run | Yrd Mat Sub Hostile Shots Fired 159 | . 72 87 Missed 44 | . 18 26 Damage Taken 1618 | . 545 1073 Core 271 | . 116 155 Absorbed by Shields . | . . . Core Remaining (%) 100 | 100 . . Volleys Fired 104 | . 61 43 Largest 2 | . 2 2 Hottest 120 | . 40 120 Shots Fired 181 | . 119 62 Gun 164 | . 119 45 Cannon 5 | . . 5 Launcher 12 | . . 12 Special . | . . . Kinetic 150 | . 119 31 Thermal 19 | . . 19 Explosive 12 | . . 12 Electromagnetic . | . . . Robot Hit Streak 15 | . 11 15 Robot Miss Streak 4 | . 4 2 Penetration Max . | . . . Secondary Targets 1 | . 1 . Max Gunslinging Chain 1 | . 1 . Shots Hit Robots 128 | . 76 52 Core Hits 65 | . 35 30 Critical Kills 2 | . 1 1 Critical Parts Destroyed . | . . . Critical Strikes 3 | . 1 2 Destroy 3 | . 1 2 Melee Attacks 36 | . . 36 Impact . | . . . Slashing 36 | . . 36 Piercing . | . . . Sneak Attacks 1 | . . 1 Combat Hostiles . | . . . Follow-up Attacks . | . . . Damage Inflicted 2068 | . 685 1383 Guns 1246 | . 629 617 Cannons 140 | . . 140 Explosions 626 | . . 626 Melee . | . . . Ramming 56 | . 56 . Kinetic 993 | . 629 364 Thermal 393 | . . 393 Explosive 626 | . . 626 Electromagnetic . | . . . Impact . | . . . Slashing . | . . . Piercing . | . . . Highest Corruption . | . . . Average Corruption . | . . . Corruption Purged . | . . . Corruption Blocked . | . . . Overload Shots . | . . . Overflow Damage 42 | . . 42 Projectiles . | . . . Explosions 42 | . . 42 Melee . | . . . Knockbacks . | . . . Impact . | . . . Kinetic . | . . . Secondary . | . . . Self-Inflicted Damage 106 | . . 106 Shots 4 | . . 4 Rammed . | . . . Targets Rammed 12 | . 12 . Kicked 12 | . 12 . Crushed . | . . . Highest Temperature 20 | . 20 14 Average Temperature 6 | . 6 7 Received Heat Transfer 345 | . 180 165 Siege Activations . | . . . Robots Corrupted . | . . . Combat Hostiles . | . . . Parts Fried . | . . . Impact Corruptions . | . . . Robots Melted . | . . . Combat Hostiles . | . . . Parts Melted 1 | . . 1 Heat Transferred 485 | . . 485 Parts Sabotaged . | . . . Parts Stolen . | . . . Parts Stripped . | . . . Power Chain Reactions . | . . . Alert | -11 -10 -10 ------- Run | Yrd Mat Sub Peak Influence 188 | . 188 . Initial . | . . . Average 65 | . 65 . Maximum Alert Level . | . . . Low Security (%) 100 | . 100 . Level 1 . | . . . Level 2 . | . . . Level 3 . | . . . Level 4 . | . . . Level 5 . | . . . High Security . | . . . Max Security . | . . . Squads Dispatched 4 | . 4 . Investigation 2 | . 2 . Extermination . | . . . Reinforcement 2 | . 2 . Assault . | . . . Garrison . | . . . Intercept . | . . . Searches Triggered . | . . . Construction Impeded . | . . . Haulers Reinforced . | . . . Active Scanning Responses . | . . . Cargo Convoy Interrupts . | . . . Stealth | -11 -10 -10 --------- Run | Yrd Mat Sub Distress Signals 1 | . 1 . Communications Jammed . | . . . Distress Signals . | . . . Times Spotted 51 | . 30 21 Peak Tracking Total 6 | . 3 6 Tactical Retreats 4 | . 1 3 Traps | -11 -10 -10 ------- Run | Yrd Mat Sub Traps Triggered 2 | . 2 . Indirectly . | . . . Trap Hack Attempts . | . . . Triggered . | . . . Disarmed . | . . . Reprogrammed . | . . . Reused . | . . . Traps Extracted . | . . . Installed . | . . . Triggered . | . . . Machines | -11 -10 -10 ---------- Run | Yrd Mat Sub Machines Disabled . | . . . Max in Single Turn . | . . . Machines Repaired . | . . . Machines Dismantled . | . . . Machines Sabotaged . | . . . Overloaded Fab Kills . | . . . Hacking | -11 -10 -10 --------- Run | Yrd Mat Sub Machines Accessed 7 | . 6 1 Terminals 6 | . 6 . Fabricators . | . . . Repair Stations . | . . . Recycling Units . | . . . Scanalyzers . | . . . Garrison Access . | . . . Total Hacks 18 | . 15 3 Successful 9 | . 6 3 Failed 8 | . 8 . Catastrophic 4 | . 4 . Database Lockouts 1 | . 1 . Manual 14 | . 14 . Terminals 15 | . 15 . Fabricators . | . . . Repair Stations . | . . . Recycling Units . | . . . Scanalyzers . | . . . Garrison Access . | . . . Terminal Hacks 7 | . 4 3 Record 3 | . . 3 Robot Analysis 2 | . 2 . Prototype ID Bank 1 | . 1 . Patrol Status 1 | . 1 . Fabricator Hacks . | . . . Repair Station Hacks . | . . . Recycling Unit Hacks . | . . . Scanalyzer . | . . . Garrison Access Hacks . | . . . Unauthorized Hacks 2 | . 2 . Terminals 2 | . 2 . Botnet 2 | . 2 . Fabricators . | . . . Repair Stations . | . . . Recycling Units . | . . . Scanalyzers . | . . . Garrison Access . | . . . Data Cores Recovered . | . . . Used . | . . . Hacking Detections 5 | . 5 . Full Trace Events . | . . . Feedback Events . | . . . Feedback Blocked . | . . . Robot Schematics Acquired . | . . . Robots Built . | . . . Authchips . | . . . Time . | . . . Total Robot Build Rating . | . . . Part Schematics Acquired . | . . . Parts Built . | . . . Authchips . | . . . Time . | . . . Total Part Build Rating . | . . . Parts Repaired . | . . . Time . | . . . Parts Recycled . | . . . Recycled Matter . | . . . Retrieved Matter . | . . . Retrieved Components . | . . . Parts Scanalyzed . | . . . Part Schematics Acquired . | . . . Parts Damaged . | . . . Bothacking | -11 -10 -10 ------------ Run | Yrd Mat Sub Used RIF Installer . | . . . Robots Hacked . | . . . Non-combat . | . . . Combat . | . . . Robot Hacks Applied . | . . . Relay Couplers Released . | . . . Fabnet Peak Effective % . | . . . Robots Rewired . | . . . Allies Hacked . | . . . Hacks Repelled . | . . . Allies | -11 -10 -10 -------- Run | Yrd Mat Sub Total Allies . | . . . Largest Group . | . . . Highest-Rated Group . | . . . Highest-Rated Ally . | . . . Total Orders . | . . . Ally Attacks . | . . . Total Damage . | . . . Kills . | . . . Allies Corrupted . | . . . Allies Melted . | . . . Intel | -11 -10 -10 ------- Run | Yrd Mat Sub Robot Analysis Total 2 | . 2 . Derelict Logs Recovered 1 | . . 1 Drone Launches . | . . . Drone Recoveries . | . . . Exploration | -11 -10 -10 ------------- Run | Yrd Mat Sub Turns Passed 3818 | . 1863 1955 Spaces Moved 1682 | 1 685 996 Core . | . . . Treads . | . . . Legs 1467 | 1 685 781 Wheels 215 | . . 215 Hover . | . . . Flight . | . . . Fastest Speed 110 | 120 120 110 Average Speed 194 | 120 236 165 Slowest Speed 260 | 120 260 260 Overloaded Moves . | . . . Propulsion Burnouts . | . . . Robots Hopped . | . . . Cave-ins Triggered . | . . . Exploration Rate (%) 55 | 2 97 66 Regions Visited 2 Branch Regions 1 Pre-discovered Areas . | . . . Known Exits Taken . | . . . Unknown Exits Taken 2 | 1 1 . Scrap Searched 13 | . . 13 Spaces Dug . | . . . Terrain Destroyed 51 | . . 51 Melee . | . . . Projectile . | . . . AOE 51 | . . 51 Terrain Rammed . | . . . Walls Destroyed . | . . . Machines Disabled . | . . . Actions | -11 -10 -10 --------- Run | Yrd Mat Sub Total 1982 | . 820 1162 Wait 61 | . 26 35 Move 1680 | . 684 996 Hop . | . . . Pick Up 17 | . 11 6 Fast Attach 15 | . 3 12 Attach 4 | . . 4 Detach 4 | . 2 2 Swap 22 | . 11 11 Drop 23 | . 10 13 Fire 104 | . 61 43 Melee 36 | . . 36 Ram . | . . . Kick 12 | . 12 . Crush . | . . . Escape Stasis . | . . . Rewire . | . . . Trap . | . . . Miscellaneous 4 | . . 4 Route ------- -11/Scrapyard -10/Materials (discovered 6 exits: [*Mat x3] / [*Min x2] / *Sub) -10/Subcaves (discovered 2 exits: [*Mat x2]) History --------- Turn | Location | Event 1 | -11/Scrapyard | Discovered new exit (range 0) 1 | -11/Scrapyard | Entered Materials 111 | -10/Materials | Discovered new exit (range 7) 315 | -10/Materials | Build established: Mutant 396 | -10/Materials | Discovered new exit (range 7) 672 | -10/Materials | Discovered new exit (range 12) 698 | -10/Materials | Central database locked down 1022 | -10/Materials | Discovered new exit (range 14) 1177 | -10/Materials | Build established: Scavenger-Mutant 1232 | -10/Materials | Discovered new exit (range 7) 1840 | -10/Materials | Discovered new exit (range 9) 1848 | -10/Materials | Build established: Mutant 1864 | -10/Materials | Entered Subcaves 2648 | -10/Subcaves | Disturbed a concealed Subdweller 2862 | -10/Subcaves | Core integrity fell below 50% 2898 | -10/Subcaves | Shifting Twisted Machinery released Flamer 3115 | -10/Subcaves | Shifting Twisted Machinery released Piercing Trap 3179 | -10/Subcaves | Lost 3 parts (1p1n1u) 3199 | -10/Subcaves | Build established: Scavenger-Mutant 3250 | -10/Subcaves | Discovered new exit (range 13) 3269 | -10/Subcaves | Discovered new exit (range 14) 3279 | -10/Subcaves | Learned Materials stockpile data 3459 | -10/Subcaves | Shifting Twisted Machinery released Sub. Monowheel 3465 | -10/Subcaves | Shifting Twisted Machinery released Sub. Monowheel 3533 | -10/Subcaves | Core integrity fell below 20% 3557 | -10/Subcaves | Lost 3 parts (1p1n1w) 3659 | -10/Subcaves | Visited Clippyterm 3663 | -10/Subcaves | Learned Factory stockpile data 3819 | -10/Subcaves | Destroyed by ME-MSA(R) with Subdweller Beam Cannon Last Messages --------------- >>Intel! "Finders Keepers" It looks like you're interested in reappropriating Complex 0b10 components, would you like help? Data stored: Factory stockpile data. >>Record "Letterhead" It looks like you're writing a letter, sorry I don't know how to do that. >>Record "Tab" It looks like you're biased against spaces, I think you need more help than I can offer. 03682_ Aluminum Leg destroyed. 03711_ NW-1Y1(u) builds Twisted Machinery. 03718_ JL-FQ6(R) suffers critical hit (Destroy). 03721_ JL-FQ6(R) destroyed. 03724_ Acquired 32 matter. 03726_ Acquired Sub. Monowheel. 03729_ Dropped Sub. Shrapnel Launcher. 03729_ Acquired Sub. Beam Cannon. 03763_ E3-92B(R) suffers critical hit (Destroy). 03763_ E3-92B(R) destroyed. 03766_ Acquired 17 matter. Map ----- +----------------------------------------------------+ | ??????????????????###"" "##### # ### #?# | | ?????????????????## """ ### #?# | | ??????????######## "" # # #?# | | ??????????# """## ## ### | | ######????# """ "## # # ## # | | ##"" ##???# """ "######### # | | #???## "##???????## ## | | #????#########?????????######## # | | """"""#?????????????????????????????# # | | """"""#?????????????????????????????# # | | """" #??????????????????????????????# #### # | | #???????????????????????????????# #??# # | | ##??????????????????????????????## #?? # | | #???????????????????????????????## ? # | | & #????????????????????????????????## ## | | ]*#?????????????????????????????????## #####? | | &&##??????????????????????????????????#####????? | | " #????????????????????????????????????????????? | | " ##???????????????????????????????????????????? | | ## #???????????????????????????????????????????? | | ?## ##??????????????????????????????????????????? | | ??### ##???###????????????????????????? ?????????? | | #???# #??## ###?????????###???### ?????????? | | #?### #??# ###??##### ## #????????? | | ??# #??# #??# #?????????? | | ??## ##?# #??# @ #?????????? | | ???# #?## #??# ##### R #?????????? | | ???## #??#### ##?## #??????????????????????? | | ##??#=[##????## #### ###????????????????????? | | ####%##?????# # ##???????????????????? | | ##=!#??????## #???????????????????? | | ##??????##### ##???????????????????? | | #??????????## # #????????????????????? | | #???????##### #### #???????????????????? | | ## ##?????## ## #??? ##???????????????????? | | #### ###???# ##???? #????????????????????? | | ##??# ##?## #????? #????????????????????? | | #?### ### ##????? ????????????????????? | | ### ##???????#????????????????????? | | ## ##?????????????????????????????? | | ## ##??????????????????????????????? | | ?##### # ## ##????##?????????????????????????? | | ###??# # ## #### #?????????????????????????? | | ##?# #### #?????????????????????????? | | ###% ??# ##?????????????????????????? | | #" #??## # #?????????????????????????? | | ### ##### ####? ??????????????????????? | | ##?# #??? #????????????????????? | | ###### ##### #???#"" ?????????????????????? | | ## ### #????# #?????"???????????????????????? | +----------------------------------------------------+ Best States ------------- Heat Dissipation 25 Energy Generation 15 Energy Capacity 200 Matter Stores 500 Matter Capacity 500 Sight Range 16 Terrain Scan Density 10 Armor Coverage 800 Resistance: TH 10 Evasion (%) 55 Item Schematics ----------------- None Robot Schematics ------------------ None Fabricated ------------ Nothing Alien Tech Used ----------------- None Achievements -------------- None Challenges ------------ None Game ------ Seed ThrusterAssaultAutohacker Manual? 0 Play Time 00:17:26 Cumulative 170.9 hours Start 2024.03.25 @ 19:27:12 End 2024.03.25 @ 19:41:03 Sessions 1 Manual Loads 0 Difficulty Rogue Special Mode None Game No. 238 Rogue 238 Adventurer 0 Explorer 0 Win Type - Total 3 Types 2/0/0/1/0/0/0/0/0 Lore% 64 Gallery% 73 Achievement% 66 Wizard Run 0 Options --------- Layout 0 ASCII 0 Keyboard 0 Movement Numpad Keybinds 0 Fullscreen 1 Font 18/SmallcapsGlow Map View 76x50 Zoom Use 0% Tactical HUD 1 Map Filters NONE Filters NONE Steam 1 RUN: 5f3d6085-34f4-489e-b45b-61e1c206d28e